 Dungeon Crawl Stone Soup version 0.31.0-11-ge490571c62 (webtiles) character file.

Game seed: 13230797216467183176

2026 Arcadio the Chiller (level 9, -20/56 (62) HPs)
             Began as a Yellow Draconian Ice Elementalist on Jan 26, 2024.
             Was a Follower of Sif Muna.
             Killed from afar by Maggie (40 damage)
             ... with a bolt of fire
             ... on level 7 of the Dungeon.
             The game lasted 00:23:45 (7409 turns).

Arcadio the Chiller (DrIE)                          Turns: 7409, Time: 00:23:45

HP:   -20/56 (62)   AC:  8    Str: 11    XL:     9   Next: 3%
MP:   9/18          EV: 14    Int: 24    God:    Sif Muna [*.....]
Gold: 496           SH:  0    Dex: 11    Spells: 11/21 levels left

rFire   x . .        l - +6 whip of Kiudampe {protect, Will+ Int+4}
rCold   + . .        (no shield)
rNeg    . . .        (body armour unavailable)
rPois   .            (helmet restricted)
rElec   .            (no cloak)
rCorr   +            (no gloves)
SInv    .            z - +0 pair of boots
Will    ++...        (no amulet)
Stlth   ++           g - ring of willpower
HPRegen 0.29/turn    H - ring of ice
MPRegen 0.16/turn

%: no passive effects
@: drained
A: spit acid, AC +7, unfitting armour, cold-blooded, acid resistance
a: Breathe Acid, Renounce Religion, Channel Magic


You were on level 7 of the Dungeon.
You worshipped Sif Muna.
Sif Muna was aware of your devotion.
You visited 2 branches of the dungeon, and saw 8 of its levels.
You also visited: Sewer and Ossuary.

You collected 496 gold pieces.

Inventory:

Hand Weapons
 c - a +0 dagger
 e - a +0 short sword
 l - the +6 whip of Kiudampe (weapon) {protect, Will+ Int+4}
   (You found it on level 2 of the Dungeon)

   Int+4:     It affects your intelligence (+4).
   Will+:     It increases your willpower.
 n - a +3 dagger of venom
 D - a +1 flail of holy wrath
 F - a +1 vampiric dagger
Missiles
 q - 2 throwing nets
Armour
 j - a +1 helmet
 z - a +0 pair of boots (worn)
Jewellery
 g - a ring of willpower (left hand)
 A - a +5 ring of evasion
 H - a ring of ice (right hand)
Talismans
 h - a beast talisman
Wands
 i - a wand of mindburst (11)
Scrolls
 f - 2 scrolls of immolation
 k - 7 scrolls of enchant weapon
 r - a scroll of identify
 t - 3 scrolls of teleportation
 u - 3 scrolls of vulnerability
 y - a scroll of poison {unknown}
 C - 2 scrolls of revelation {unknown}
 G - 2 scrolls of fog {unknown}
 I - a scroll of enchant armour {unknown}
Potions
 a - 2 potions of magic
 b - 2 potions of curing
 d - 2 potions of brilliance
 m - 5 potions of enlightenment
 o - 2 potions of attraction
 p - 4 potions of mutation
 s - 2 potions of haste {unknown}
 v - a potion of berserk rage {unknown}
 w - 2 potions of resistance
 x - 2 potions of lignification {unknown}
 B - 2 potions of heal wounds {unknown}
 E - a potion of invisibility {unknown}


   Skills:
 + Level 6.5 Dodging
 - Level 1.7 Stealth
 + Level 6.5 Spellcasting
 + Level 7.9 Ice Magic


You had 11 spell levels left.
You knew the following spells:

 Your Spells              Type           Power      Damage    Failure   Level
a - Freeze                Ice            100%       1d10      1%          1
b - Frozen Ramparts       Ice            100%       1d16      1%          3
c - Ozocubu's Armour      Ice            62%        N/A       1%          3
d - Summon Ice Beast      Ice/Summ       40%        N/A       4%          3

Your spell library contained the following spells:

 Spells                   Type           Power      Damage    Failure   Level


Dungeon Overview and Level Annotations

Branches:
Dungeon (7/15)             Temple (1/1) D:4           Sewer (visited)
Ossuary (visited)

Altars:
Ashenzari
Cheibriados
Elyvilon
Fedhas
Gozag
Hepliaklqana
Kikubaaqudgha
Okawaru
Qazlal
Ru
Sif Muna
Trog
Vehumet
Wu Jian
Xom
Yredelemnul
Zin
The Shining One

Shops:
D:1 :

Annotations:
D:7 Jeremiah, Maggie
Temple 2 transporters


Innate Abilities, Weirdness & Mutations

You can spit globs of acid.
Your golden yellow scales are hard. (AC +7)
You cannot fit into any form of body armour.
You are cold-blooded and may be slowed by cold attacks.
You are resistant to acid. (rCorr)


Message History

You open the door.
Maggie the Vainglorious comes into view.
She is wielding a +1 halberd of draining.
Maggie shouts!
You hear a shout!
Maggie hits you from afar with a +1 halberd of draining!
You feel drained.
Okay, then.
Casting: Frozen Ramparts (safe; 1% risk of failure)
Confirm with . or Enter, or press ? or * to list all spells.
Casting: Frozen Ramparts (safe; 1% risk of failure)
Press: ? - help, Dir - look around, f - activate You feel a surge of power!
The walls around you are covered in ice.
The wall freezes Maggie!
Maggie gestures at you while chanting. The bolt of fire hits you!
The fire burns you terribly!
Casting: Frozen Ramparts (safe; 1% risk of failure)
Confirm with . or Enter, or press ? or * to list all spells.
You feel a surge of power! A film of ice covers your body!
The wall freezes Maggie.
Maggie mumbles some strange words.
Maggie attempts to bespell you! You resist with almost no effort.
The wall freezes Maggie.
Maggie hits you from afar with a +1 halberd of draining!
You feel drained.
Casting: Ozocubu's Armour (safe; 1% risk of failure)
Confirm with . or Enter, or press ? or * to list all spells.
You feel a surge of power! A chill wind blows around you.
The wall freezes Maggie!
Maggie hits you from afar with a +1 halberd of draining!
You feel drained.
You swap places.
Your icy armour cracks and falls away as you move.
The frozen ramparts melt away as you move.
Your ice beast barely misses Maggie.
Maggie gestures at you while chanting. The bolt of fire hits your ice beast!!
Your ice beast melts!
The bolt of fire hits you!!! The fire burns you terribly!
Ouch! That really hurt!
You die...

####
##..##
#.... ...
####@##
##.##Y.##
#.......#
#...@...#
#..#'####
####..##
#....#
#<...#
##..##
####


You could see Maggie (ally target) and a friendly ice beast (summoned).

Vanquished Creatures
  A wyvern (D:5)
  A steam dragon (D:6)
  2 water moccasins
  An ice beast (D:5)
  3 centaurs (D:5)
  A bullfrog (D:6)
  2 kobold brigands
  2 scorpions (D:4)
  2 water moccasin zombies (Ossuary)
  A burial acolyte (Ossuary)
  A howler monkey (D:6)
  A bombardier beetle (D:4)
  An orc priest (D:4)
  A gnoll bouda (D:6)
  A jelly (D:6)
  A spectral scorpion (Ossuary)
  An iguana (D:6)
  Ijyb (D:4)
  3 orc wizards
  A crocodile zombie (Ossuary)
  2 mummies (Ossuary)
  8 gnolls
  7 adders
  3 river rats (Sewer)
  A white imp (D:6)
  4 adder zombies (Ossuary)
  3 dart slugs
  4 ribbon worms
  19 orcs
  11 bats
  8 endoplasms
  6 giant cockroaches
  9 goblins
  5 hobgoblins
  13 jackals
  15 kobolds
  2 quokkas (Sewer)
  9 ball pythons
  5 frilled lizards
  9 gnoll zombies (Ossuary)
  10 jackal zombies (Ossuary)
  An orc zombie (Ossuary)
  7 rats
189 creatures vanquished.

Notes
Turn   | Place    | Note
-------+----------+-------------------------------------------
     0 | D:1      | Arcadio the Draconian Ice Elementalist began the quest for
                  | the Orb.
     0 | D:1      | Reached XP level 1. HP: 14/14 MP: 3/3
    71 | D:1      | Found Kitaonem's Vocational Training.
   260 | D:1      | Reached XP level 2. HP: 19/20 MP: 3/5
   866 | D:2      | Reached XP level 3. HP: 26/26 MP: 2/6
  1195 | D:2      | Identified the +6 whip of Kiudampe {protect, Will+ Int+4}
  1610 | D:3      | Learned a level 3 spell: Frozen Ramparts
  1627 | D:3      | Found a faded altar of an unknown god.
  1642 | D:3      | Prayed at the altar of an unknown god.
  1871 | D:3      | Found a snail-covered altar of Cheibriados.
  2276 | D:3      | Reached XP level 4. HP: 33/33 MP: 8/8
  2574 | D:3      | Learned a level 3 spell: Ozocubu's Armour
  2851 | D:4      | Found a sand-covered staircase.
  2861 | D:4      | Noticed Ijyb
  2876 | D:4      | Killed Ijyb
  2889 | Ossuary  | Entered an ossuary
  2999 | Ossuary  | Reached XP level 5. HP: 38/38 MP: 9/9
  3056 | Ossuary  | Reached skill level 5 in Ice Magic
  3119 | Ossuary  | Reached XP level 6. HP: 43/45 MP: 11/11
  3398 | D:4      | Found a glowing drain.
  3405 | Sewer    | Entered a sewer
  3802 | Sewer    | Your scales start taking on a golden yellow colour.
  3802 | Sewer    | Reached XP level 7. HP: 50/50 MP: 13/13
  3802 | Sewer    | Gained mutation: You are resistant to acid. (rCorr) [Yellow
                  | Draconian growth]
  4596 | D:4      | Reached skill level 6 in Ice Magic
  4663 | D:4      | Found a sacrificial altar of Ru.
  4695 | D:4      | Found a staircase to the Ecumenical Temple.
  4702 | Temple   | Found a transporter.
  4702 | Temple   | Found a transporter.
  4702 | Temple   | Found a transporter.
  4702 | Temple   | Found a transporter.
  4702 | Temple   | Entered the Ecumenical Temple
  4719 | Temple   | Learned a level 3 spell: Summon Ice Beast
  4766 | D:4      | Found a glowing golden altar of the Shining One.
  4766 | D:4      | Found a white marble altar of Elyvilon.
  4910 | D:5      | Entered Level 5 of the Dungeon
  4916 | D:5      | Found a shimmering blue altar of Sif Muna.
  5051 | D:5      | Became a worshipper of Sif Muna the Loreminder
  5106 | D:5      | Reached skill level 5 in Dodging
  5340 | D:5      | Reached skill level 5 in Spellcasting
  5506 | D:5      | Reached XP level 8. HP: 41/57 MP: 12/15
  5832 | D:5      | Reached skill level 7 in Ice Magic
  6179 | D:6      | Reached * piety under Sif Muna
  6863 | D:6      | Reached XP level 9. HP: 39/62 MP: 13/18
  7314 | D:7      | Noticed Jeremiah
  7403 | D:7      | Noticed Maggie
  7409 | D:7      | Killed from afar by Maggie

Illustrated notes

Levels and vault maps discovered:
D:1:      dpeg_arrival_three_smaller_balls, layout_basic, chequers_mini_garden,
          nicolae_shop_vocational
D:2:      layout_basic, kennysheep_nub, kennysheep_generic_room_16
D:3:      layout_basic, nicolae_overflow_hidden_temple,
          shapermc_ecumenical_altar_acropolis
D:4:      layout_rooms, mainiacjoe_overflow_divided_tiny,
          nicolae_ru_the_path_less_chosen, minmay_temple_entry_trees,
          enter_ossuary_1, mainiacjoe_sewer_entry_somewhere_in_here_2, uniq_ijyb
D:5:      layout_gridville, amcnicky_altar_gilded
D:6:      layout_loops_corners, st_stairs_11, dreamdust_princess_bridge
D:7:      layout_gridville, lemuel_round_altar, water_boxes_lemuel,
          uniq_jeremiah, uniq_menkaure, uniq_joseph, uniq_maggie
Temple:   hellmonk_temple_divided_pantheon

Skill      XL: |  1  2  3  4  5  6  7  8 |
---------------+-------------------------+-----
Dodging        | 2 3 4 5 6 |  6.5
Spellcasting   | 3 4 5 6 |  6.5
Ice Magic      | 5 6 7 |  7.9
Stealth        | |  1.7

Action                     |  1- 3 |  4- 6 |  7- 9 || total
---------------------------+-------+-------+-------++-------
  Melee: Dagger            |    25 |       |       ||    25
         Tailslap          |    13 |    33 |    30 ||    76
         Unarmed           |     1 |       |       ||     1
         Short sword       |    40 |       |       ||    40
         Punch             |     1 |     6 |     6 ||    13
         Whip              |    60 |   265 |   187 ||   512
   Cast: Freeze            |    16 |     4 |    22 ||    42
         Frozen Ramparts   |       |       |    10 ||    10
         Summon Ice Beast  |       |       |     1 ||     1
         Ozocubu's Armour  |       |       |     1 ||     1
Ability: Begin Untransform |     1 |       |       ||     1
         Breathe Acid      |       |       |     3 ||     3
    Use: Scroll            |       |     9 |     1 ||    10
         Potion            |       |     1 |     2 ||     3
   Stab: Sleeping          |     1 |     7 |     1 ||     9
 Armour: Skin              |    71 |   162 |   159 ||   392
  Dodge: Dodged            |    89 |   230 |   192 ||   511
   Form: Beast             |     2 |       |       ||     2
                           |       |       |     1 ||     1
